[Event "Titled Tuesday Blitz July 4 Early 2023"]
[White "Koellner, Ruben Gideon"]
[Black "Ibarra Jerez, Jose Carlos"]
[WhiteFideId "12993093"]
[BlackFideId "2226332"]
[WhiteElo "2657"]
[BlackElo "2918"]
[Result "1-0"]
[Round "3"]
[TimeControl "180+2"]
[Date "2023.07.04"]
[WhiteClock "0:00:10"]
[BlackClock "0:00:01"]
[Board "22"]

1. d4 Nf6 2. Nf3 e6 3. Nbd2 d5 4. e3 b6 5. Bd3 Bb7 6. Ne5 Bd6 7. f4 O-O 8. Qf3 c5 9. c3 Nc6 10. O-O Rc8 11. g4 Qc7 12. g5 Ne8 13. Bxh7+ Kxh7 14. Qh5+ Kg8 15. Rf3 g6 16. Qh6 Ng7 17. Rh3 Nh5 18. Ng4 f5 19. Qxg6+ Qg7 20. Qxe6+ Rf7 21. Nh6+ Kf8 22. Qxd6+ Re7 23. Rxh5 Rd8 24. Qf6+ Qxf6 25. gxf6 Rxe3 26. Nxf5 Re6 27. Nf3 Rxf6 28. Ne5 Nxe5 29. fxe5 Rg6+ 30. Bg5 Rd7 31. Rf1 Ba6 32. Rf2 Kg8 33. Rg2 Kf7 34. Rh7+ Ke6 35. Rxd7 Kxd7 36. h4 Bd3 37. Ne3 Be4 38. Rf2 cxd4 39. cxd4 Rc6 40. Kh2 Rc1 41. Ng2 Ke6 42. Bxc1 1-0


[Site "https://www.chess.com"]

[Event "Titled Tuesday Blitz July 4 Early 2023"]
[White "Durarbayli, Vasif"]
[Black "Guerra Tulcan, Lenin"]
[WhiteFideId "13402935"]
[BlackFideId "3601382"]
[WhiteElo "2916"]
[BlackElo "2652"]
[Result "1-0"]
[Round "3"]
[TimeControl "180+2"]
[Date "2023.07.04"]
[WhiteClock "0:00:17"]
[BlackClock "0:00:07"]
[Board "23"]

1. e4 c5 2. Nf3 e6 3. d4 cxd4 4. Nxd4 Nc6 5. Nc3 Qc7 6. Be3 a6 7. Qf3 Nxd4 8. Bxd4 Ne7 9. Qg3 Qxg3 10. hxg3 b5 11. Bd3 Bb7 12. a4 b4 13. Ne2 d5 14. e5 g6 15. Bc5 Nc6 16. Bxf8 Kxf8 17. f4 Kg7 18. Kd2 h6 19. a5 Rab8 20. Ra4 Rhc8 21. Ke3 d4+ 22. Kf2 Rd8 23. b3 Rd5 24. Rha1 Rc5 25. Bc4 g5 26. Nc1 Bc8 27. Nd3 Rxc4 28. bxc4 Bd7 29. Nc5 Bc8 30. Rd1 g4 31. Raa1 Bb7 32. Ra4 Bc8 33. Rd2 Kg6 34. Nb3 Bd7 35. Ra1 Be8 36. Nxd4 Ne7 37. Rb1 h5 38. Rdd1 Bc6 39. c3 b3 40. Rxb3 Rc8 41. Rb6 Be4 42. Rxa6 Rxc4 43. Nxe6 Bb7 44. Rb6 Rxc3 45. Nd4+ Bc6 46. Nxc6 Rc2+ 47. Kg1 Nd5 48. Rxd5 1-0


[Site "https://www.chess.com"]

[Event "Titled Tuesday Blitz July 4 Early 2023"]
[White "Tan, Jun Ying"]
[Black "Vokhidov, Shamsiddin"]
[WhiteFideId "5710413"]
[BlackFideId "14204223"]
[WhiteElo "2652"]
[BlackElo "2914"]
[Result "0-1"]
[Round "3"]
[TimeControl "180+2"]
[Date "2023.07.04"]
[WhiteClock "0:00:00"]
[BlackClock "0:02:06"]
[Board "24"]

1. d4 Nf6 2. c4 e6 3. Nc3 Bb4 4. e3 O-O 5. Ne2 d5 6. a3 Be7 7. cxd5 exd5 8. Nf4 c6 9. Bd3 Bd6 10. O-O Re8 11. f3 c5 12. Nce2 Nc6 13. Bc2 h6 14. dxc5 Bxc5 15. Nd4 Qb6 16. Nfe2 a5 17. Kh1 Bd7 18. Rb1 Rac8 19. Bd2 Nxd4 20. exd4 Bd6 21. Bd3 a4 22. Bc3 Bb5 23. Ng3 Bxg3 24. hxg3 Nh5 25. Kh2 Bxd3 26. Qxd3 Qd6 27. f4 Nf6 28. Bb4 Qd7 29. Rbc1 Re3 30. Rxc8+ Qxc8 31. Qd2 Ng4+ 32. Kg1 Rxg3 33. f5 Ne3 34. Rc1 Qxf5 0-1


[Site "https://www.chess.com"]

[Event "Titled Tuesday Blitz July 4 Early 2023"]
[White "Dardha, Daniel"]
[Black "Akhmetov, Ayan"]
[WhiteFideId "240990"]
[BlackFideId "13703706"]
[WhiteElo "2913"]
[BlackElo "2651"]
[Result "1-0"]
[Round "3"]
[TimeControl "180+2"]
[Date "2023.07.04"]
[WhiteClock "0:02:27"]
[BlackClock "0:00:22"]
[Board "25"]

1. d4 e6 2. e4 d5 3. Nc3 Bb4 4. e5 c5 5. a3 Bxc3+ 6. bxc3 Nc6 7. Qg4 g6 8. h4 h6 9. Nf3 Qa5 10. Bd2 c4 11. Qf4 Bd7 12. Be2 Rh7 13. Nh2 O-O-O 14. Ng4 Re8 15. Qg3 Qd8 16. h5 g5 17. f4 f5 18. exf6 gxf4 19. Qxf4 Rf8 20. O-O Nxf6 21. Nxf6 Rhf7 22. Qxh6 Rxf6 23. Rxf6 Rxf6 24. Qg7 1-0


[Site "https://www.chess.com"]

[Event "Titled Tuesday Blitz July 4 Early 2023"]
[White "Iskusnyh, Sergei"]
[Black "Aravindh, Chithambaram VR."]
[WhiteFideId "4120027"]
[BlackFideId "5072786"]
[WhiteElo "2647"]
[BlackElo "2910"]
[Result "0-1"]
[Round "3"]
[TimeControl "180+2"]
[Date "2023.07.04"]
[WhiteClock "0:00:00"]
[BlackClock "0:00:10"]
[Board "26"]

1. d4 d5 2. c4 Nc6 3. Nc3 Nf6 4. cxd5 Nxd5 5. e4 Nxc3 6. bxc3 e5 7. Nf3 exd4 8. Nxd4 Bd7 9. Be2 Bd6 10. O-O O-O 11. Rb1 Re8 12. Nf5 Bxf5 13. exf5 Qf6 14. Bf3 Qxf5 15. Be3 Rad8 16. Qa4 Ne5 17. Bxb7 Ng4 18. Rb5 Bxh2+ 19. Kh1 Be5 20. Rxe5 Rxe5 21. Qf4 Nxe3 22. fxe3 Qxf4 23. exf4 Re3 24. c4 g6 25. f5 Re5 0-1


[Site "https://www.chess.com"]

[Event "Titled Tuesday Blitz July 4 Early 2023"]
[White "Vaibhav Jayant Raut"]
[Black "Erdogmus, Yagiz Kaan"]
[WhiteFideId "5089034"]
[BlackFideId "44599790"]
[WhiteElo "2645"]
[BlackElo "2902"]
[Result "0-1"]
[Round "3"]
[TimeControl "180+2"]
[Date "2023.07.04"]
[WhiteClock "0:00:02"]
[BlackClock "0:00:04"]
[Board "27"]

1. e4 c5 2. Nf3 d6 3. d4 cxd4 4. Qxd4 Nc6 5. Bb5 Bd7 6. Bxc6 Bxc6 7. Nc3 Nf6 8. Bg5 e6 9. O-O-O Be7 10. Rhe1 Qa5 11. Kb1 O-O 12. Bh4 Rfd8 13. Nd2 b5 14. Nb3 Qc7 15. Bg3 e5 16. Qe3 Rac8 17. Re2 b4 18. Nd5 Nxd5 19. exd5 Bb5 20. Red2 a5 21. f4 a4 22. Nc1 exf4 23. Bxf4 Bf6 24. Bg5 Re8 25. Qg3 Bxg5 26. Qxg5 a3 27. bxa3 bxa3 28. Qg3 Qb6 29. Nb3 Bc4 30. Re1 Qb4 31. Rdd1 Bxd5 32. Rxe8+ Rxe8 33. Qd3 Bxg2 34. Qxd6 Qxd6 35. Rxd6 Re1+ 36. Nc1 h5 37. Rd3 Rh1 38. Rxa3 Rxh2 39. Rc3 h4 40. Ne2 Be4 41. Nf4 g5 42. Nh5 Bg6 43. Nf6+ Kg7 44. Ng4 Rg2 45. Ne5 Bf5 46. a4 h3 47. Nf3 g4 48. Nh4 Be4 49. Nxg2 h2 50. Ne3 h1=Q+ 51. Kb2 g3 52. Nc4 g2 53. Rg3+ Kf8 54. Nd6 Bd5 55. Nf5 g1=Q 56. Rc3 Qa1# 0-1


[Site "https://www.chess.com"]

[Event "Titled Tuesday Blitz July 4 Early 2023"]
[White "Nguyen, Ngoc Truong Son"]
[Black "Materia, Marco"]
[WhiteFideId "12401110"]
[BlackFideId "45150451"]
[WhiteElo "2900"]
[BlackElo "2617"]
[Result "1-0"]
[Round "3"]
[TimeControl "180+2"]
[Date "2023.07.04"]
[WhiteClock "0:00:28"]
[BlackClock "0:00:10"]
[Board "28"]

1. e4 c5 2. Nf3 e6 3. g3 Nc6 4. Bg2 Nf6 5. Qe2 d5 6. d3 Be7 7. O-O O-O 8. Nbd2 b5 9. e5 Nd7 10. Re1 a5 11. Nf1 a4 12. a3 b4 13. h4 bxa3 14. bxa3 Ba6 15. Bf4 Qa5 16. h5 h6 17. N1h2 Rfb8 18. Ng4 Qd8 19. Qd2 Bf8 20. Bxh6 gxh6 21. Nxh6+ Bxh6 22. Qxh6 Qf8 23. Qf4 Rb2 24. c4 dxc4 25. dxc4 Rd8 26. Rad1 Nb6 27. Qg5+ Kh7 28. Qf6 Rxd1 29. Rxd1 Qg7 30. Ng5+ Kg8 31. Bxc6 Nd5 32. cxd5 Be2 33. Re1 Qxf6 34. exf6 c4 35. dxe6 c3 36. e7 1-0


[Site "https://www.chess.com"]

[Event "Titled Tuesday Blitz July 4 Early 2023"]
[White "Grandelius, Nils"]
[Black "Domingo Nunez, Ruben"]
[WhiteFideId "1710400"]
[BlackFideId "22245570"]
[WhiteElo "2896"]
[BlackElo "2604"]
[Result "1-0"]
[Round "3"]
[TimeControl "180+2"]
[Date "2023.07.04"]
[WhiteClock "0:00:08"]
[BlackClock "0:00:04"]
[Board "29"]

1. Nf3 g6 2. g3 Bg7 3. d4 Nf6 4. Bg2 O-O 5. O-O d6 6. Re1 Nc6 7. d5 Nb4 8. e4 e5 9. dxe6 Bxe6 10. Nc3 Re8 11. Bf4 a6 12. Qd2 Ng4 13. Rad1 Ne5 14. Nd4 Bg4 15. f3 Bd7 16. Bg5 Qb8 17. a3 Nbc6 18. Nde2 Qa7+ 19. Kh1 Qf2 20. Be3 Nxf3 21. Bxf2 Nxd2 22. Rxd2 Ne5 23. b3 Ng4 24. Bd4 Bh6 25. Rdd1 c6 26. h3 Ne5 27. Bg1 Bf8 28. Na4 Be6 29. Nb6 Rad8 30. Nf4 Bh6 31. Be3 Bg7 32. a4 h5 33. Re2 h4 34. g4 Nxg4 35. hxg4 Bxg4 36. Rde1 Bxe2 37. Rxe2 Be5 38. Nd3 Bf6 39. Kg1 d5 40. Bf2 dxe4 41. Rxe4 Kg7 42. Bxh4 Bd4+ 43. Bf2 Bxf2+ 44. Kxf2 f5 45. Rxe8 Rxe8 46. Bf3 Kf6 47. Nc5 Re7 48. a5 g5 49. Nc4 g4 50. Bg2 f4 51. Nd6 f3 52. Bxf3 gxf3 53. Kxf3 Ke5 54. Ncxb7 Kd5 55. c4+ Ke5 56. Ke3 Rh7 57. Kd3 Rh3+ 58. Kc2 Kd4 59. Kb2 Rh7 60. Ka3 Rh1 61. Kb4 Rh5 62. Nc8 c5+ 63. Ka3 Rh1 64. Nb6 Ra1+ 65. Kb2 Rh1 66. Na4 Rh2+ 67. Ka3 Rh3 68. Nbxc5 Rg3 69. Nxa6 Kd3 70. Nc7 Kc2 71. Nc5 Rg5 72. Kb4 Rg7 73. Nd5 Rg8 74. a6 Rb8+ 75. Nb7 Rc8 76. Kb5 Rc5+ 77. Kxc5 1-0


[Site "https://www.chess.com"]

[Event "Titled Tuesday Blitz July 4 Early 2023"]
[White "Asavasaetakul, Chawit"]
[Black "Demidov, Mikhail"]
[WhiteFideId "6204856"]
[BlackFideId "4197143"]
[WhiteElo "2578"]
[BlackElo "2886"]
[Result "1/2-1/2"]
[Round "3"]
[TimeControl "180+2"]
[Date "2023.07.04"]
[WhiteClock "0:00:17"]
[BlackClock "0:00:10"]
[Board "30"]

1. e4 g6 2. d4 Bg7 3. Nc3 a6 4. Nf3 b5 5. a4 b4 6. Ne2 Bb7 7. Ng3 d6 8. h4 h5 9. Bc4 e6 10. Qe2 a5 11. O-O Ba6 12. c3 bxc3 13. bxc3 Nf6 14. Rb1 Nfd7 15. Ng5 Bxc4 16. Qxc4 Nb6 17. Rxb6 cxb6 18. Nxe6 fxe6 19. Qxe6+ Kf8 20. Ba3 Bf6 21. e5 Kg7 22. exf6+ Qxf6 23. Qd5 Nd7 24. Ne4 Qf5 25. Qxd6 Rhe8 26. Ng5 Nf6 27. c4 Qd7 28. Qxb6 Rab8 29. Qxa5 Qxd4 30. Bc5 Qd3 31. Be3 Qd7 32. c5 Ra8 33. Qc3 Rxa4 34. c6 Qf5 35. Bd4 Rd8 36. c7 Raxd4 37. cxd8=Q Rxd8 38. Qc7+ Rd7 39. Qc4 Qd5 40. Qc3 Qd4 41. Qc6 Qd5 42. Qc3 Qd6 43. Re1 Re7 44. Rc1 Kg8 45. Qc4+ Kg7 46. Rb1 Qe5 47. Qc6 Ng4 48. g3 Qf5 49. Qc3+ Qf6 50. Qxf6+ Nxf6 51. Rb6 Ng4 52. Kg2 Re2 53. Rb7+ Kg8 54. Rf7 Rd2 55. Rf4 Rc2 56. Ne4 Rb2 57. Nf6+ Nxf6 58. Rxf6 Kg7 59. Rf4 Ra2 60. Kh3 Ra3 61. f3 Rb3 62. g4 hxg4+ 63. Kxg4 Rb1 64. Re4 Rg1+ 65. Kh3 Rf1 66. Kg2 Rc1 67. Rg4 Kh6 68. Kg3 Rg1+ 69. Kf4 Rh1 70. Kg3 Rg1+ 71. Kf4 Rh1 72. Kg3 Rg1+ 1/2-1/2


[Site "https://www.chess.com"]

[Event "Titled Tuesday Blitz July 4 Early 2023"]
[White "Kovalenko, Igor"]
[Black "Gontcharov, Vladislav"]
[WhiteFideId "14117908"]
[BlackFideId "4123492"]
[WhiteElo "2875"]
[BlackElo "2577"]
[Result "1-0"]
[Round "3"]
[TimeControl "180+2"]
[Date "2023.07.04"]
[WhiteClock "0:00:50"]
[BlackClock "0:00:00"]
[Board "31"]

1. c4 Nf6 2. Nc3 c5 3. Nf3 Nc6 4. e3 g6 5. d4 cxd4 6. exd4 d5 7. h3 Bg7 8. c5 O-O 9. Bb5 Ne4 10. O-O Nxc3 11. bxc3 Bd7 12. Re1 e6 13. a4 a6 14. Bd3 b6 15. Ba3 bxc5 16. Bxc5 Re8 17. Rb1 Qc8 18. Bd6 Na5 19. Ne5 f6 20. Ng4 Qc6 21. Bb4 Nc4 22. a5 f5 23. Nh2 e5 24. dxe5 Nxe5 25. Bf1 Be6 26. Nf3 Nxf3+ 27. Qxf3 Bf7 28. Rxe8+ Rxe8 29. Rd1 h5 30. Qd3 Ra8 31. h4 Bf6 32. g3 Kg7 33. Bg2 Rd8 34. Bf1 Ra8 35. Qe3 Qc7 36. Qb6 Qxb6 37. axb6 a5 38. Ra1 Bd8 39. Rxa5 Rb8 40. Ra7 Bxb6 41. Rd7 Kg8 42. Bd3 Be6 43. Re7 Bf7 44. Bd6 Rd8 45. Bf4 d4 46. c4 Rc8 47. Rb7 Bc5 48. Be5 Bf8 49. Bc7 Ra8 50. Kf1 Ra3 51. Ke2 Ra2+ 52. Kd1 Ra3 53. Kc2 Rc3+ 54. Kd2 Bxc4 55. Bxc4+ Rxc4 56. Kd3 Ra4 57. Be5 Ra6 58. Bxd4 Re6 59. Kc4 1-0


[Site "https://www.chess.com"]

[Event "Titled Tuesday Blitz July 4 Early 2023"]
[White "Henriquez Villagra, Cristobal"]
[Black "Palczert, Matyas"]
[WhiteFideId "3409350"]
[BlackFideId "784958"]
[WhiteElo "2868"]
[BlackElo "2569"]
[Result "0-1"]
[Round "3"]
[TimeControl "180+2"]
[Date "2023.07.04"]
[WhiteClock "0:01:08"]
[BlackClock "0:01:08"]
[Board "32"]

1. Nf3 d5 2. g3 Nd7 3. d4 Nb6 4. Bg2 Bf5 5. O-O e6 6. b3 h6 7. Nbd2 Nf6 8. c4 c6 9. Re1 Be7 10. Bb2 O-O 11. Ne5 Nbd7 12. Nef3 Ne4 13. e3 Nxd2 14. Qxd2 Be4 15. Qe2 a5 16. Bc3 a4 17. b4 dxc4 18. Qxc4 Nb6 19. Qe2 Nd5 20. Qd2 Nxc3 21. Qxc3 Qd5 22. Nh4 Bxh4 23. Bxe4 Qxe4 24. gxh4 Qg4+ 25. Kh1 Qf3+ 26. Kg1 f5 27. h5 f4 28. Qc4 Rae8 29. e4 Qxh5 30. Qf1 f3 31. h3 Rf6 0-1


[Site "https://www.chess.com"]

[Event "Titled Tuesday Blitz July 4 Early 2023"]
[White "Pap, Gyula"]
[Black "The_Sherman_Variation"]
[WhiteFideId "725323"]
[WhiteElo "2857"]
[BlackElo "2566"]
[Result "1-0"]
[Round "3"]
[TimeControl "180+2"]
[Date "2023.07.04"]
[WhiteClock "0:00:45"]
[BlackClock "0:00:27"]
[Board "33"]

1. d4 Nf6 2. c4 c5 3. d5 b5 4. Qc2 e6 5. e4 bxc4 6. Nc3 Bb7 7. Bxc4 Na6 8. a3 Bd6 9. Nf3 exd5 10. Bxa6 Bxa6 11. e5 O-O 12. exd6 Re8+ 13. Be3 d4 14. O-O-O dxe3 15. fxe3 Rb8 16. e4 Bc4 17. e5 Bb3 18. Qf5 Bxd1 19. Rxd1 Re6 20. exf6 Rxf6 21. Qxc5 Rg6 22. Rd2 a5 23. Qc7 Qe8 24. Re2 Re6 25. Rxe6 fxe6 26. Ne5 Qf8 27. Kb1 Rb3 28. Ka2 a4 29. Qxd7 Qb8 30. Qxe6+ Kh8 31. Nf7+ Kg8 32. Nd8+ 1-0


[Site "https://www.chess.com"]

[Event "Titled Tuesday Blitz July 4 Early 2023"]
[White "Tologon tegin, Semetei"]
[Black "Harsha Bharathakoti"]
[WhiteFideId "13800574"]
[BlackFideId "5078776"]
[WhiteElo "2560"]
[BlackElo "2856"]
[Result "0-1"]
[Round "3"]
[TimeControl "180+2"]
[Date "2023.07.04"]
[WhiteClock "0:00:28"]
[BlackClock "0:00:25"]
[Board "34"]

1. b3 Nf6 2. Bb2 g6 3. Nf3 Bg7 4. e3 c5 5. c4 O-O 6. d4 cxd4 7. Nxd4 d5 8. cxd5 Nxd5 9. Be2 e5 10. Nb5 Nc6 11. O-O a6 12. N5c3 e4 13. Qc2 Ndb4 14. Qxe4 Bf5 15. Qf4 Nc2 16. e4 Be6 17. Nd2 Nxa1 18. Bxa1 Nd4 19. Bd1 Rc8 20. e5 Bf5 21. Nde4 Ne6 22. Qg3 Bxe4 23. Nxe4 Rc1 24. Nc3 Rxa1 0-1


[Site "https://www.chess.com"]

[Event "Titled Tuesday Blitz July 4 Early 2023"]
[White "Samadov, Read"]
[Black "Ozates, Tuna"]
[WhiteFideId "13417444"]
[BlackFideId "6354521"]
[WhiteElo "2854"]
[BlackElo "2559"]
[Result "1-0"]
[Round "3"]
[TimeControl "180+2"]
[Date "2023.07.04"]
[WhiteClock "0:00:53"]
[BlackClock "0:00:53"]
[Board "35"]

1. d4 f5 2. c4 Nf6 3. Nc3 e6 4. e3 Be7 5. Nf3 O-O 6. Be2 d6 7. O-O a5 8. b3 Qe8 9. Ba3 Nc6 10. Nb5 Bd8 11. d5 exd5 12. cxd5 Ne5 13. Nxe5 Qxe5 14. Rc1 Rf7 15. Qd4 Ne4 16. Qxe5 dxe5 17. f3 Nf6 18. Rfd1 Bd7 19. Nxc7 Rc8 20. d6 Kh8 21. Rc5 e4 22. f4 Ne8 23. Bc4 Rf8 24. Ne6 Bxe6 25. Bxe6 Rxc5 26. Bxc5 Rf6 27. Bd7 Rf8 28. Bc8 b6 29. Ba3 Rf7 30. Be6 Rf6 31. Bd7 Rf8 32. Rc1 Nf6 33. Bxf5 Nd5 34. Bxe4 Nxe3 35. Rc8 b5 36. Bc5 Ng4 37. d7 Rg8 38. Bd5 1-0


[Site "https://www.chess.com"]

[Event "Titled Tuesday Blitz July 4 Early 2023"]
[White "Kosakowski, Jakub"]
[Black "Zavgorodniy, Sergiy"]
[WhiteFideId "1185080"]
[BlackFideId "14110148"]
[WhiteElo "2842"]
[BlackElo "2554"]
[Result "1-0"]
[Round "3"]
[TimeControl "180+2"]
[Date "2023.07.04"]
[WhiteClock "0:00:20"]
[BlackClock "0:00:02"]
[Board "36"]

1. d4 Nf6 2. c4 e6 3. Nc3 Bb4 4. a3 Bxc3+ 5. bxc3 c5 6. e3 d6 7. Bd3 e5 8. Ne2 e4 9. Bc2 Qe7 10. a4 O-O 11. O-O Bg4 12. h3 Bh5 13. Qd2 Bxe2 14. Qxe2 Nc6 15. a5 Qc7 16. a6 b6 17. Ba4 Na5 18. Bb5 Rac8 19. Ba3 Qe7 20. Rfd1 Ne8 21. dxc5 bxc5 22. Bxc5 Rxc5 23. Rxa5 Nc7 24. Ra2 Rc8 25. Rad2 d5 26. Qg4 Rb8 27. Rd4 g6 28. Ba4 Rxc4 29. Rxc4 dxc4 30. Qf4 Nxa6 31. Rd7 Qe6 32. Rxa7 Rb1+ 33. Kh2 Nc5 34. Bc6 Kg7 35. Ba8 Rb2 36. Rc7 Nd3 37. Qg3 Rxf2 38. Rc6 Qe8 39. Bb7 Rb2 40. Rc7 Ne5 41. Bxe4 Re2 42. Bd5 Rxe3 43. Qf4 Re2 44. Qd4 h5 45. Rxf7+ Kh6 46. Qf4+ g5 47. Qf6+ Ng6 48. Qg7# 1-0


[Site "https://www.chess.com"]

[Event "Titled Tuesday Blitz July 4 Early 2023"]
[White "Bruedigam, Martin"]
[Black "Beerdsen, Thomas"]
[WhiteFideId "24608033"]
[BlackFideId "1030108"]
[WhiteElo "2553"]
[BlackElo "2833"]
[Result "0-1"]
[Round "3"]
[TimeControl "180+2"]
[Date "2023.07.04"]
[WhiteClock "0:01:23"]
[BlackClock "0:01:38"]
[Board "37"]

1. e4 e5 2. Nf3 Nc6 3. Bc4 Nf6 4. d3 h6 5. Nc3 d6 6. a3 g5 7. Be3 Be6 8. Nd2 Bg7 9. Nf1 d5 10. Ba2 d4 11. Ne2 dxe3 12. Nxe3 Bxa2 13. Rxa2 Qd7 14. Qd2 O-O-O 15. Ng3 h5 16. Ra1 Bh6 17. Qc3 Kb8 18. Ngf5 g4 19. Nxh6 Rxh6 20. b4 Nd4 21. a4 h4 22. b5 Nh5 23. Nc4 Nf4 24. Kf1 Qe6 25. Rb1 g3 0-1


[Site "https://www.chess.com"]

[Event "Titled Tuesday Blitz July 4 Early 2023"]
[White "Gavrilov, Maxim"]
[Black "demon64fields"]
[WhiteFideId "24271454"]
[WhiteElo "2547"]
[BlackElo "2830"]
[Result "1-0"]
[Round "3"]
[TimeControl "180+2"]
[Date "2023.07.04"]
[WhiteClock "0:00:48"]
[BlackClock "0:01:02"]
[Board "38"]

1. d4 g6 2. c4 Bg7 3. Nf3 d6 4. g3 e5 5. Nc3 exd4 6. Nxd4 Nc6 7. Be3 Nge7 8. Bg2 O-O 9. O-O h5 10. h3 Bd7 11. Qd2 Nf5 12. Nxf5 Bxf5 13. Rad1 Re8 14. Nd5 Ne5 15. Bg5 f6 16. Bh6 Nxc4 17. Qc1 Bxh6 18. Qxc4 Kh8 19. Qxc7 Rxe2 20. Qxb7 Rb8 21. Qxa7 Rexb2 22. Rfe1 R2b7 23. Qd4 Bg7 24. g4 hxg4 25. hxg4 Bc2 26. Rc1 Bb1 27. Nf4 Qa5 28. Bxb7 Rxb7 29. Rxb1 f5 30. Re8+ Kh7 31. Rxb7 1-0


[Site "https://www.chess.com"]

[Event "Titled Tuesday Blitz July 4 Early 2023"]
[White "Rahman, Masruri"]
[Black "Suder, Jakub"]
[WhiteFideId "7101163"]
[BlackFideId "1195310"]
[WhiteElo "2825"]
[BlackElo "2545"]
[Result "1-0"]
[Round "3"]
[TimeControl "180+2"]
[Date "2023.07.04"]
[WhiteClock "0:00:15"]
[BlackClock "0:00:00"]
[Board "39"]

1. d4 d5 2. Bf4 Nf6 3. e3 c5 4. Nc3 cxd4 5. exd4 a6 6. Nf3 Bg4 7. Be2 e6 8. Ne5 Bxe2 9. Nxe2 Be7 10. O-O O-O 11. c3 Nbd7 12. Qb3 Qc8 13. Nc1 Nxe5 14. Bxe5 Ne4 15. Bf4 Nd6 16. Bxd6 Bxd6 17. Nd3 Qc4 18. Qxc4 dxc4 19. Ne1 b5 20. Nc2 a5 21. a4 b4 22. Ne3 Rfc8 23. g3 g5 24. Rfd1 bxc3 25. bxc3 Rab8 26. Rab1 Rb3 27. Rbc1 Ra3 28. d5 Be5 29. d6 Rxa4 30. d7 Rd8 31. Ng4 Bg7 32. Ne3 Be5 33. Ng4 Bg7 34. Ne3 Kf8 35. Rb1 Bxc3 36. Rbc1 Bb2 37. Rxc4 Ra1 38. Rxa1 Bxa1 39. Rc5 Rxd7 40. Rxa5 Bf6 41. Ng4 Kg7 42. Ra2 h5 43. Ne3 Kg6 44. Kg2 Bg7 45. h3 Rd3 46. Re2 Bd4 47. Nc4 Bf6 48. Ne3 Rd4 49. Nc2 Ra4 50. Ne3 Bg7 51. Rc2 Ra6 52. Nc4 g4 53. hxg4 hxg4 54. Ne3 Ra4 55. Re2 Bh6 56. Nc2 Bf8 57. Ne3 Bc5 58. Nd1 Kf6 59. Nc3 Rc4 60. Ne4+ Kg6 61. Nd2 Ra4 62. Kf1 Be7 63. Ne4 f5 64. Nd2 Ra6 65. Nb3 Kf7 66. Nd4 Bf6 67. Nc2 Ra2 68. Kg2 Rb2 69. Kf1 Rb1+ 70. Kg2 e5 71. Ne3 Ke6 72. Rc2 Rb6 73. Rc4 Be7 74. Rc2 Bd6 75. Rc4 Ra6 76. Rc2 Ra4 77. Rc6 Kd7 78. Rb6 Re4 79. Nxf5 Bc7 80. Rb2 Ra4 81. Ne3 Bd6 82. Rd2 Ke6 83. Rc2 Re4 84. Rc4 Rxc4 85. Nxc4 Bc5 86. Nd2 Kd5 87. Nb3 e4 88. Nd2 Bb6 89. Nf1 Bd4 90. Nh2 e3 91. fxe3 Bxe3 92. Nxg4 Bg5 93. Nf2 Ke5 94. Kf3 Kf5 95. g4+ Kg6 96. Ne4 Be7 97. Kf4 Bd8 98. Kf3 Be7 99. Nf2 Bd8 100. Nd3 Be7 101. Nf4+ Kf7 102. Ke4 Bg5 103. Nd5 Bd8 104. Kf5 Bh4 105. Nf4 Bd8 106. Ne6 Be7 107. Nf4 Bd8 108. Nd3 Be7 109. Ne5+ Kg7 110. Ke6 Bh4 111. Nf3 Bd8 112. Kd7 Bf6 113. Ke6 Bd8 114. Nd4 1-0


[Site "https://www.chess.com"]

[Event "Titled Tuesday Blitz July 4 Early 2023"]
[White "Shvedova, Alexandra"]
[Black "Stribuk, Artiom"]
[WhiteFideId "54154782"]
[BlackFideId "13515659"]
[WhiteElo "2543"]
[BlackElo "2821"]
[Result "0-1"]
[Round "3"]
[TimeControl "180+2"]
[Date "2023.07.04"]
[WhiteClock "0:00:17"]
[BlackClock "0:00:10"]
[Board "40"]

1. e4 c5 2. Ne2 d6 3. g3 g6 4. Bg2 Bg7 5. c3 e5 6. O-O Nc6 7. Na3 Nge7 8. d3 O-O 9. Be3 Be6 10. d4 exd4 11. cxd4 d5 12. Nb5 a6 13. Nbc3 dxe4 14. dxc5 f5 15. a3 Ne5 16. Qc2 Qd3 17. Nd4 Qxc2 18. Nxc2 N7c6 19. Nd4 Nxd4 20. Bxd4 Nf3+ 21. Bxf3 Bxd4 22. Be2 Bxc5 23. Rfd1 Rfd8 24. Kf1 Bb3 25. Rxd8+ Rxd8 26. Ke1 Kf7 27. Nd1 Bd4 28. Rc1 Ke7 29. Nc3 Be5 30. h3 b5 31. h4 Rd7 32. h5 Kf6 33. g4 Kg5 34. hxg6 hxg6 35. gxf5 gxf5 36. Nb1 Bxb2 37. Rc6 Ba2 38. Nd2 Bxa3 39. Nf1 Bb4+ 0-1


[Site "https://www.chess.com"]

[Event "Titled Tuesday Blitz July 4 Early 2023"]
[White "Perez Ponsa, Federico"]
[Black "Ismagilov, Damir"]
[WhiteFideId "117927"]
[BlackFideId "34199982"]
[WhiteElo "2809"]
[BlackElo "2541"]
[Result "0-1"]
[Round "3"]
[TimeControl "180+2"]
[Date "2023.07.04"]
[WhiteClock "0:00:43"]
[BlackClock "0:00:55"]
[Board "41"]

1. e4 c5 2. Nf3 g6 3. c3 d5 4. e5 d4 5. cxd4 cxd4 6. Bb5+ Nc6 7. Bxc6+ bxc6 8. d3 c5 9. O-O Bg7 10. Na3 Nh6 11. Re1 O-O 12. Bg5 Bb7 13. Rc1 Rc8 14. Nd2 f6 15. exf6 exf6 16. Bf4 Nf5 17. Nac4 Qd5 18. Ne4 g5 19. Bg3 Nxg3 20. hxg3 f5 21. Qh5 fxe4 22. Rxe4 Qf5 23. Rce1 Qxf2+ 24. Kh2 Bxe4 25. Rxe4 Rc6 26. Qxg5 Rh6+ 27. Rh4 Rxh4+ 28. gxh4 Qf4+ 29. Qxf4 Rxf4 30. Kg3 Rf1 31. Kg4 Rd1 0-1


[Site "https://www.chess.com"]

[Event "Titled Tuesday Blitz July 4 Early 2023"]
[White "Goltsev, Dmitry"]
[Black "Novikov, Evgenij"]
[WhiteFideId "24176710"]
[BlackFideId "4125380"]
[WhiteElo "2809"]
[BlackElo "2541"]
[Result "1-0"]
[Round "3"]
[TimeControl "180+2"]
[Date "2023.07.04"]
[WhiteClock "0:00:12"]
[BlackClock "0:00:00"]
[Board "42"]

1. e4 c6 2. d4 d5 3. Nc3 dxe4 4. Nxe4 Nf6 5. Ng3 g6 6. c3 Bg7 7. Nf3 O-O 8. Be2 Bg4 9. h3 Bxf3 10. Bxf3 Nbd7 11. O-O e5 12. Bg5 h6 13. Be3 Qc7 14. Qd2 Kh7 15. Rad1 Rfe8 16. Rfe1 exd4 17. Bxd4 Rxe1+ 18. Rxe1 Re8 19. Rxe8 Nxe8 20. Bxg7 Nxg7 21. Ne4 Ne8 22. Qd4 a6 23. Be2 f5 24. Nd2 Ndf6 25. Nc4 Qd7 26. Qe5 Ne4 27. f3 N4d6 28. Ne3 Qg7 29. Qc5 Qe7 30. Qd4 Qf6 31. Qd2 Qe5 32. Nc2 Nf6 33. Qe3 Qxe3+ 34. Nxe3 Kg7 35. Kf2 Kf7 36. Nc2 Ke6 37. Nd4+ Kd7 38. Ke3 c5 39. Nb3 Nd5+ 40. Kd2 Kc6 41. c4 Nf4 42. Bf1 g5 43. g3 Ng6 44. Nc1 Ne5 45. Kc3 Nxf3 46. Bg2 Ne4+ 47. Kb3 Nfd2+ 48. Kc2 Nxc4 49. Bf3 Ne5 50. Bg2 Kd6 51. g4 fxg4 52. Bxe4 gxh3 53. Ne2 g4 54. Ng3 c4 55. Bxb7 Kc5 56. Kc3 Nf3 57. Bxa6 h2 58. Bxc4 h5 59. b4+ Kb6 60. Bf1 h4 61. Nh1 g3 62. a4 Ne1 63. a5+ Ka7 64. b5 g2 65. b6+ Kb8 66. Bxg2 Nxg2 67. Kb4 Ne3 68. Kb5 Nd5 69. Kc5 Nxb6 70. axb6 Kb7 71. Kb5 h3 72. Kc5 Kb8 73. Kc6 Kc8 74. Nf2 Kb8 75. b7 h1=Q+ 76. Nxh1 h2 77. Nf2 h1=Q+ 78. Nxh1 1-0


[Site "https://www.chess.com"]

[Event "Titled Tuesday Blitz July 4 Early 2023"]
[White "Guliev, Logman"]
[Black "Lin, Dachey"]
[WhiteFideId "13400061"]
[BlackFideId "2029650"]
[WhiteElo "2496"]
[BlackElo "2801"]
[Result "1-0"]
[Round "3"]
[TimeControl "180+2"]
[Date "2023.07.04"]
[WhiteClock "0:00:44"]
[BlackClock "0:01:27"]
[Board "43"]

1. e4 g6 2. d4 Bg7 3. Nc3 d5 4. e5 c5 5. f4 cxd4 6. Qxd4 e6 7. Nf3 Nc6 8. Qd1 Nge7 9. Bd3 O-O 10. O-O Nf5 11. Kh1 Qb6 12. Qe1 Nb4 13. Bxf5 exf5 14. Qe2 Be6 15. Nb5 Rfc8 16. c3 Na6 17. Nbd4 Nc5 18. Be3 Qd8 19. Nxe6 fxe6 20. Bxc5 Rxc5 21. Nd4 Qd7 22. g4 fxg4 23. Qxg4 Re8 24. Rg1 b5 25. a3 a5 26. h4 Rc4 27. h5 gxh5 28. Qxh5 b4 29. axb4 axb4 30. Ra7 Qe7 31. Rxe7 Rxe7 32. Qg4 bxc3 33. bxc3 Rxc3 34. Nxe6 Rc6 35. Nxg7 Rg6 36. Nf5 1-0


[Site "https://www.chess.com"]